 Dungeon Crawl Stone Soup version 0.25-b1-46-gb8a1ec05df (webtiles) character file.

Game seed: 8463657680478018382

49 nikku the Skirmisher (level 3, 0/30 HPs)
             Began as a Demonspawn Berserker on June 9, 2020.
             Was a Believer of Trog.
             Slain by a hobgoblin
             ... wielding a +0 club
              (1 damage)
             ... on level 2 of the Dungeon.
             The game lasted 00:04:55 (1510 turns).

nikku the Skirmisher (Demonspawn Berserker)         Turns: 1510, Time: 00:04:56

Health: 0/30       AC:  2    Str: 18    XL:     3   Next: 53%
Magic:  3/3        EV: 11    Int:  8    God:    Trog [**....]
Gold:   28         SH:  3    Dex: 12    Spells: 2/2 levels left

rFire    . . .     SeeInvis .   a - +0 hand axe
rCold    . . .     Gourm    .   f - +0 buckler
rNeg     . . .     Faith    .   b - +0 animal skin
rPois    .         Spirit   .   (no helmet)
rElec    .         Reflect  .   (no cloak)
rCorr    .         Harm     .   (no gloves)
MR       .....                  (no boots)
Stlth    +.........             (no amulet)
HPRegen  0.10/turn              (no ring)
MPRegen  0.08/turn              (no ring)

@: lethally poisoned (0 -> -8)
A: powered by death 1
a: Berserk, Trog's Hand, Renounce Religion


You were on level 2 of the Dungeon.
You worshipped Trog.
Trog was pleased with you.
You were not hungry.

You visited 1 branch of the dungeon, and saw 2 of its levels.

You collected 28 gold pieces.

Inventory:

Hand Weapons
 a - a +0 hand axe (weapon)
Missiles
 g - 9 poisoned darts (quivered)
Armour
 b - a +0 animal skin (worn)
 f - a +0 buckler (worn)
Scrolls
 e - a scroll of enchant armour
Comestibles
 c - 2 rations
 h - a chunk of flesh


   Skills:
 * Level 3.6 Fighting
 * Level 3.3 Axes
 + Level 2.2 Armour
 - Level 1.7 Dodging
 + Level 0.2 Shields


You had 2 spell levels left.
You didn't know any spells.
Your spell library was empty.

Dungeon Overview and Level Annotations

Branches:
Dungeon (2/15)

Altars:
The Shining One


Innate Abilities, Weirdness & Mutations

You regenerate a little health from kills.


Message History

You closely miss the adder.
The adder is heavily wounded.
You closely miss the hobgoblin.
You feel sick. The adder bites you but does no damage.
The hobgoblin hits you with a +0 club.
* * * LOW HITPOINT WARNING * * *
The adder bites you.
* * * LOW HITPOINT WARNING * * *
You are more poisoned.
The adder poisons you!
You hit the adder.
You kill the adder!
Trog accepts your kill.
You hit the hobgoblin but do no damage.
You feel sick. The hobgoblin closely misses you.
The hobgoblin hits you but does no damage.
You closely miss the hobgoblin.
The hobgoblin is moderately wounded.
* * * LOW HITPOINT WARNING * * *
You feel sick. The hobgoblin hits you with a +0 club.
You die...

.(#. ... ##..#######
#.......<.# ##
.........## ..
##).###...####.###
#..# #..........#
#..###...#.##.#.#
#...@...##.##.#.#
#..g..........#.#
######...####.####.#
.....#...# #.####.##
#.....(####.......#
.....##....####.....#
.....)...#..........#
.....#......###.....#
###. ###.##.# #.....#


You could see a hobgoblin.

Vanquished Creatures
  An adder (D:2)
  An ooze (D:1)
  A dart slug (D:1)
  2 giant cockroaches (D:1)
  3 goblins (D:1)
  4 hobgoblins (D:1)
  3 jackals (D:1)
  4 bats
  3 frilled lizards (D:1)
  4 kobolds
  7 rats
33 creatures vanquished.

Notes
Turn   | Place    | Note
-------+----------+-------------------------------------------
     0 | D:1      | nikku the Demonspawn Berserker began the quest for the Orb.
     0 | D:1      | Reached XP level 1. HP: 18/18 MP: 1/1
   270 | D:1      | Gained mutation: You regenerate a little health from kills.
                  | [demonic ancestry]
   270 | D:1      | Reached XP level 2. HP: 19/24 MP: 2/2
   390 | D:1      | Found a glowing golden altar of the Shining One.
  1059 | D:1      | Reached XP level 3. HP: 23/29 MP: 3/3
  1304 | D:1      | Reached ** piety under Trog
  1510 | D:2      | HP: 1/30 [poisoned by an adder]
  1510 | D:2      | Slain by a hobgoblin

Illustrated notes

Levels and vault maps discovered:
D:1:      tarquinn_simple_flora_water_c, layout_basic, serial_bayou_ford_a,
          tso_metal_star
D:2:      layout_loops_cross, lemuel_round_altar, lemuel_crystal_altar,
          first_ration, trog_butcher_becter

Skill      XL: |  1  2 |
---------------+-------+-----
Axes           | 3 |  3.3
Armour         | 2 |  2.2
Fighting       | |  3.6
Dodging        | |  1.7
Shields        | |  0.2

Action                   || total
-------------------------++-------
Melee: Hand axe          ||   109
Throw: Dart              ||     5
  Use: Scroll            ||     2
 Stab: Sleeping          ||     1
  Eat: Chunk             ||     2
Armor: Animal skin       ||    26
Dodge: Dodged            ||    84
Block: Buckler           ||     4
